 Dungeon Crawl Stone Soup version 0.29-a0-384-g6960b1960d (webtiles) character file.

Game seed: 11652579769089563088

234 dolemite99 the Poker (level 6, 0/53 HPs)
             Began as a Gnoll Chaos Knight on May 7, 2022.
             Was a Plaything of Xom.
             Slain by an iguana (11 damage)
             ... on level 4 of the Dungeon.
             The game lasted 00:04:12 (2968 turns).

dolemite99 the Poker (Gnoll Chaos Knight)           Turns: 2968, Time: 00:04:13

Health: 0/53       AC: 12    Str: 13    XL:     6   Next: 5%
Magic:  9/9        EV:  7    Int: 11    God:    Xom [...*..]
Gold:   226        SH:  0    Dex: 12    Spells: 9/9 levels left

rFire   . . .      SeeInvis .   a - +0 spear (flame)
rCold   . . .      Faith    .   (no shield)
rNeg    . . .      Spirit   .   l - +0 chain mail
rPois   .          Reflect  .   h - +1 helmet
rElec   .          Harm     .   (no cloak)
rCorr   .          Rampage  .   (no gloves)
Will    .....                   (no boots)
Stlth   ..........              i - amulet of the acrobat
HPRegen 0.17/turn               (no ring)
MPRegen 0.11/turn               (no ring)

@: studying Spellcasting
A: fangs 1, strong nose, distributed training
a: Renounce Religion


You were on level 4 of the Dungeon.
You worshipped Xom.
You were a favourite toy of Xom.
You visited 1 branch of the dungeon, and saw 4 of its levels.

You collected 226 gold pieces.

Inventory:

Hand Weapons
 a - a +0 spear of flaming (weapon)
Missiles
 e - 123 stones
Armour
 b - a +2 leather armour
 f - a +0 plate armour
 h - a +1 helmet (worn)
 l - a +0 chain mail (worn)
Jewellery
 i - an amulet of the acrobat (around neck)
 m - an amulet of the acrobat
Scrolls
 o - a scroll of vulnerability {unknown}
Potions
 d - a potion of flight
 g - a potion of attraction {unknown}
 j - a potion of curing {unknown}
 k - a potion of berserk rage
 n - a potion of heal wounds {unknown}
Miscellaneous
 c - a piece from Xom's chessboard (1/15) (quivered)


   Skills:
 + Level 6.7 Fighting
 + Level 1.7 Short Blades
 + Level 1.7 Long Blades
 + Level 1.7 Axes
 + Level 1.7 Maces & Flails
 + Level 6.7 Polearms
 + Level 1.7 Staves
 + Level 1.7 Slings
 + Level 1.7 Bows
 + Level 1.7 Crossbows
 + Level 1.7 Throwing
 + Level 4.9 Armour
 + Level 3.1 Dodging
 + Level 1.7 Stealth
 + Level 1.7 Shields
 + Level 1.7 Unarmed Combat
 + Level 2.0 Spellcasting
 + Level 1.3 Conjurations
 + Level 1.3 Hexes
 + Level 1.3 Summonings
 + Level 1.3 Necromancy
 + Level 1.3 Translocations
 + Level 1.3 Transmutations
 + Level 1.3 Fire Magic
 + Level 1.3 Ice Magic
 + Level 1.3 Air Magic
 + Level 1.3 Earth Magic
 + Level 1.3 Poison Magic
 + Level 2.0 Invocations
 + Level 1.7 Evocations


You had 9 spell levels left.
You didn't know any spells.
Your spell library was empty.

Dungeon Overview and Level Annotations

Branches:
Dungeon (4/15)
 Temple: D:4-7

Altars:
Xom

Shops:
D:3 [

Annotations:
D:3 3 runed translucent doors, Antichthon's ghost, amateur GrFi; Antichthon's ghost, weakling FoAK


Innate Abilities, Weirdness & Mutations

You have very sharp teeth.
Your uncanny sense of smell can sniff out nearby items.
Your experience applies equally to all skills.


Message History

* * * LOW HITPOINT WARNING * * *
You hit the adder. You burn the adder.
You kill the adder!
You see here an iguana corpse.
There is a stone staircase leading up here.
You start resting.
Magic restored.
You start resting.
An iguana comes into view.
An iguana is nearby!
You are too injured to fight recklessly!
You are too injured to fight recklessly!
You are too injured to fight recklessly!
You are too injured to fight recklessly!
Things that are here:
a +0 short sword; a +0 ring mail You hit the iguana but do no damage.
You hit the iguana but do no damage. The iguana barely misses you.
You hit the iguana. You burn the iguana.
The iguana is moderately wounded.
The iguana bites you.
You hit the iguana. You burn the iguana.
The iguana is severely wounded.
The iguana bites you but does no damage.
You hit the iguana but do no damage.
The iguana is severely wounded.
The iguana closely misses you.
You hit the iguana. You burn the iguana.
The iguana is almost dead.
You hit the iguana but do no damage. You punch the iguana, but do no damage.
The iguana is almost dead.
The iguana bites you.
You hit the iguana but do no damage.
The iguana is almost dead.
The iguana bites you!
* * * LOW HITPOINT WARNING * * *
You hit the iguana but do no damage. You bite the iguana, but do no damage.
The iguana is almost dead.
The iguana bites you!
You die...

#. .. .#
.# .####
..> #l#
#@####
##<...#
##.#####
#†##
.......##
####... ∆
.....
##....
#....


You could see an iguana.

Vanquished Creatures
  A jelly (D:3)
  An iguana (D:4)
  Natasha (thrice) (D:2)
  3 adders
  A worm (D:3)
  2 orcs
  6 ball pythons
  6 endoplasms
  2 giant cockroaches
  7 goblins
  7 hobgoblins
  4 jackals
  7 kobolds
  5 quokkas
  6 bats
  6 frilled lizards (D:1)
  6 rats
73 creatures vanquished.

Notes
Turn   | Place    | Note
-------+----------+-------------------------------------------
     0 | D:1      | dolemite99 the Gnoll Chaos Knight began the quest for the
                  | Orb.
     0 | D:1      | Reached XP level 1. HP: 23/23 MP: 1/1
   274 | D:1      | Reached XP level 2. HP: 29/29 MP: 2/2
   301 | D:1      | XOM: silly message
   411 | D:1      | XOM: noise
   450 | D:1      | XOM: silly message
   606 | D:1      | XOM: silly message
   713 | D:1      | Reached XP level 3. HP: 35/35 MP: 3/3
   804 | D:1      | XOM: silly message
   933 | D:1      | XOM: silly message
  1095 | D:2      | Reached skill level 1 in Invocations
  1132 | D:2      | Reached skill level 1 in Short Blades
  1132 | D:2      | Reached skill level 1 in Long Blades
  1132 | D:2      | Reached skill level 1 in Axes
  1132 | D:2      | Reached skill level 1 in Maces & Flails
  1132 | D:2      | Reached skill level 1 in Staves
  1132 | D:2      | Reached skill level 1 in Slings
  1132 | D:2      | Reached skill level 1 in Bows
  1132 | D:2      | Reached skill level 1 in Crossbows
  1132 | D:2      | Reached skill level 1 in Throwing
  1132 | D:2      | Reached skill level 1 in Stealth
  1132 | D:2      | Reached skill level 1 in Shields
  1132 | D:2      | Reached skill level 1 in Unarmed Combat
  1132 | D:2      | Reached skill level 1 in Spellcasting
  1132 | D:2      | Reached skill level 1 in Evocations
  1518 | D:2      | Reached XP level 4. HP: 31/41 MP: 5/5
  1557 | D:2      | Noticed Natasha
  1564 | D:2      | Killed Natasha
  1565 | D:2      | Reached skill level 1 in Conjurations
  1565 | D:2      | Reached skill level 1 in Hexes
  1565 | D:2      | Reached skill level 1 in Summonings
  1565 | D:2      | Reached skill level 1 in Necromancy
  1565 | D:2      | Reached skill level 1 in Translocations
  1565 | D:2      | Reached skill level 1 in Transmutations
  1565 | D:2      | Reached skill level 1 in Fire Magic
  1565 | D:2      | Reached skill level 1 in Ice Magic
  1565 | D:2      | Reached skill level 1 in Air Magic
  1565 | D:2      | Reached skill level 1 in Earth Magic
  1565 | D:2      | Reached skill level 1 in Poison Magic
  1568 | D:2      | Noticed Natasha
  1575 | D:2      | XOM: noise
  1587 | D:2      | Killed Natasha
  1588 | D:2      | Reached XP level 5. HP: 12/47 MP: 6/6
  1631 | D:2      | Noticed Natasha
  1636 | D:2      | Killed Natasha
  1641 | D:2      | XOM: summons 3 hostile shadow creatures
  1896 | D:2      | XOM: scenery: create altars
  2105 | D:3      | Found Sasurr's Armour Shoppe.
  2213 | D:3      | Found a runed translucent gate.
  2213 | D:3      | Found a runed translucent gate.
  2214 | D:3      | Found a runed translucent gate.
  2291 | D:3      | XOM: god gift: plate armour {god gift}
  2318 | D:3      | Found a faded altar of an unknown god.
  2541 | D:3      | Noticed Antichthon's ghost (amateur GrFi)
  2541 | D:3      | Noticed Antichthon's ghost (weakling FoAK)
  2547 | D:3      | XOM: summons 3 hostile demons
  2856 | D:4      | Reached XP level 6. HP: 17/53 MP: 7/9
  2968 | D:4      | Slain by an iguana

Illustrated notes

Levels and vault maps discovered:
D:1:      dpeg_arrival_simpleton_b, layout_loops_ring, minmay_heptomino_d4
D:2:      layout_rooms, item_on_display_a, uniq_natasha
D:3:      layout_basic, gammafunk_ghost_cemetery,
          hellmonk_ecumenical_altar_leap_of_faith, serial_shops,
          nicolae_shop_behind_doors, corexii_hall_statues_deadend
D:4:      layout_loops_ring, gammafunk_temple_overflow_statue,
          minmay_temple_entry_hall, uniq_menkaure, uniq_edmund, uniq_eustachio,
          uniq_robin

Skill      XL: |  1  2  3  4  5 |
---------------+----------------+-----
Invocations    | 1 2 |  2.0
Short Blades   | 1 |  1.7
Long Blades    | 1 |  1.7
Axes           | 1 |  1.7
Maces & Flails | 1 |  1.7
Staves         | 1 |  1.7
Slings         | 1 |  1.7
Bows           | 1 |  1.7
Crossbows      | 1 |  1.7
Throwing       | 1 |  1.7
Stealth        | 1 |  1.7
Shields        | 1 |  1.7
Unarmed Combat | 1 |  1.7
Spellcasting   | 1 2 |  2.0
Evocations     | 1 |  1.7
Conjurations   | 1 |  1.3
Hexes          | 1 |  1.3
Summonings     | 1 |  1.3
Necromancy     | 1 |  1.3
Translocations | 1 |  1.3
Transmutations | 1 |  1.3
Fire Magic     | 1 |  1.3
Ice Magic      | 1 |  1.3
Air Magic      | 1 |  1.3
Earth Magic    | 1 |  1.3
Poison Magic   | 1 |  1.3
Dodging        | 3 |  3.1
Fighting       | |  6.7
Polearms       | |  6.7
Armour         | |  4.9

Action                   |  1- 3 |  4- 6 || total
-------------------------+-------+-------++-------
Melee: Spear             |   159 |   122 ||   281
       Bite              |    14 |    13 ||    27
       Punch             |     2 |     5 ||     7
Evoke: Piece from Xom's  |    19 |     4 ||    23
  Use: Scroll            |     6 |     5 ||    11
       Potion            |       |     1 ||     1
 Stab: Petrifying        |     1 |       ||     1
       Paralysed         |     1 |       ||     1
Armor: Leather armour    |    34 |       ||    34
       Chain mail        |    37 |    55 ||    92
Dodge: Dodged            |    58 |    31 ||    89

Table legend: (Time is in decaauts)
 A = Elapsed time spent in this place.
 B = Non-inter-level travel time spent in this place.
 C = Inter-level travel time spent in this place.
 D = Time resting spent in this place.
 E = Time spent auto-exploring this place.
 F = Levels seen in this place.
 G = Mean time per level.
                   A        B        C        D        E       F      G
               +--------+--------+--------+--------+--------+-----+--------+
         Total |   2916 |   2867 |     49 |    653 |   1574 |   4 |  729.0 |
       Dungeon |   2916 |   2867 |     49 |    653 |   1574 |   4 |  729.0 |
               +--------+--------+--------+--------+--------+-----+--------+

Top non-repeatable levels by time:
     D:1: 975 daAuts
     D:2: 960 daAuts
     D:3: 839 daAuts
     D:4: 140 daAuts
